 Dungeon Crawl Stone Soup version 0.32-a0-519-g08f29ac1c3 (webtiles) character file.

Game seed: 3567481346580109228

3891 shadizar the Thaumaturge (level 10, 0/75 HPs)
             Began as a Djinni Conjurer on Feb 28, 2024.
             Was a Believer of Makhleb.
             Slain by a boulder beetle (29 damage)
             ... on level 6 of the Dungeon.
             The game lasted 00:10:40 (6125 turns).

shadizar the Thaumaturge (Djinni Conjurer)          Turns: 6125, Time: 00:10:40

Health: 0/75       AC:  6    Str:  6    XL:     10   Next: 42%
Gold:   372        EV: 16    Int: 31    God:    Makhleb [**....] SH:  0 Dex: 17

rFire   + + .        (no weapon)
rCold   x . .        (no shield)
rNeg    . . .        c - +2 animal skin
rPois   ∞            e - +0 helmet
rElec   .            t - +0 cloak
rCorr   .            (no gloves)
SInv    .            (boots unavailable)
Will    +....        (no amulet)
Stlth   ++           h - +6 ring of dexterity
HPRegen 0.32/turn    p - +6 ring of intelligence
MPRegen 0.00/turn

%: infuse magic (-1 HP)
@: flying
A: sickness immunity, fire resistance 2, cold vulnerability 1, float, innate
caster, HP casting, extra vitality 1
a: Renounce Religion, Minor Destruction


You were on level 6 of the Dungeon.
You worshipped Makhleb.
Makhleb was pleased with you.
You visited 2 branches of the dungeon, and saw 7 of its levels.
You also visited: Sewer.

You collected 372 gold pieces.

Inventory:

Hand Weapons
 i - a +2 whip of electrocution
Armour
 c - a +2 animal skin (worn)
 e - a +0 helmet (worn)
 n - the +2 leather armour "Ozuf" {Harm Int+2 Dex-4 Slay+3}
   (You found it on level 3 of the Dungeon)

   Int+2:     It affects your intelligence (+2).
   Dex-4:     It affects your dexterity (-4).
   Slay+3:    It affects your accuracy & damage with ranged weapons and melee
   (+3).
   Harm:      It increases damage dealt and taken.
 t - a +0 cloak (worn)
Jewellery
 h - a +6 ring of dexterity (left hand)
 p - a +6 ring of intelligence (right hand)
 u - a +4 ring of protection
 v - a +6 ring of intelligence
 E - a ring of willpower
Wands
 g - a wand of polymorph (3)
 r - a wand of digging (2)
Scrolls
 a - 2 scrolls of fear
 d - 3 scrolls of blinking
 s - a scroll of teleportation {unknown}
 w - a scroll of identify
 x - a scroll of noise {unknown}
 y - 3 scrolls of fog {unknown}
 B - a scroll of acquirement {unknown}
 C - a scroll of revelation {unknown}
 D - a scroll of summoning {unknown}
Potions
 b - a potion of resistance {unknown}
 f - 4 potions of heal wounds
 j - 4 potions of curing
 k - 3 potions of lignification
 l - 2 potions of attraction {unknown}
 m - a potion of might {unknown}
 o - a potion of berserk rage {unknown}
 q - a potion of cancellation {unknown}
 z - a potion of experience {unknown}
 A - 2 potions of invisibility {unknown}


   Skills:
 + Level 7.6 Fighting
 + Level 2.0 Armour
 - Level 7.0 Dodging
 - Level 1.5 Stealth
 * Level 8.9 Spellcasting
 * Level 8.9 Conjurations
 * Level 8.9 Hexes
   Level 0.0 Charms
 * Level 8.9 Summonings
 * Level 8.9 Necromancy
 * Level 8.9 Translocations
   Level 0.0 Transmutations
 * Level 8.9 Fire Magic
 * Level 8.9 Ice Magic
 * Level 8.9 Air Magic
 * Level 8.9 Earth Magic
 * Level 8.9 Alchemy


You knew the following spells:

 Your Spells              Type           Power      Damage    Failure   Level
a - Magic Dart            Conj           100%       1d8       1%          1
b - Searing Ray           Conj           100%       2d8       1%          2
c - Fulminant Prism       Conj/Alch      31%        3d15      1%          4
d - Iskenderun's Mystic   Conj/Tloc      62%        2d13      1%          4
e - Foxfire               Conj/Fire      100%       2x1d9     1%          1
f - Call Imp              Summ           100%       N/A       1%          2
g - Summon Ice Beast      Ice/Summ       62%        N/A       1%          3
h - Summon Lightning Spi  Summ/Air       62%        N/A       1%          4
Your spell library was empty.

Dungeon Overview and Level Annotations

Branches:
Dungeon (6/15)             Temple (1/1) D:4           Sewer (visited)

Altars:
Ashenzari
Cheibriados
Dithmenos
Elyvilon
Gozag
Hepliaklqana
Makhleb
Nemelex Xobeh
Okawaru
Qazlal
Trog
Uskayaw
Wu Jian
Xom
Zin

Shops:
D:5 *


Innate Abilities, Weirdness & Mutations

You are immune to sickness and miasma.
You are immune to poison.
Your flesh is very heat resistant. (rF++)
You are vulnerable to cold. (rC-)
You float through the air rather than walking.
You learn spells naturally, not from books.
Your magical power is your life essence.
You have superior vitality. (+4 MHP)


Message History

Unknown command.
Casting: Iskenderun's Mystic Blast (dangerous; 1% risk of failure)
Confirm with . or Enter, or press ? or * to list all spells.
You conjure some foxfire!
The boulder beetle curls into a ball and begins rolling!
Unknown command.
Casting: Foxfire (safe; 1% risk of failure)
Confirm with . or Enter, or press ? or * to list all spells.
You conjure some foxfire!
The foxfire hits the boulder beetle but does no damage.
The boulder beetle is severely wounded.
The foxfire hits the boulder beetle but does no damage.
The boulder beetle is severely wounded.
The foxfire hits the boulder beetle.
The boulder beetle is severely wounded.
Casting: Foxfire (safe; 1% risk of failure)
Confirm with . or Enter, or press ? or * to list all spells.
You erupt in a blast of force!
The mystic blast hits the boulder beetle.
The boulder beetle is severely wounded.
The boulder beetle is knocked back by the mystic blast.
Unknown command.
Unknown command.
Unknown command.
Unknown command.
Casting: Iskenderun's Mystic Blast (dangerous; 1% risk of failure)
Confirm with . or Enter, or press ? or * to list all spells.
You conjure some foxfire!
The foxfire hits the boulder beetle but does no damage.
The boulder beetle is severely wounded.
Unknown command.
Casting: Foxfire (safe; 1% risk of failure)
Confirm with . or Enter, or press ? or * to list all spells.
You erupt in a blast of force!
The mystic blast hits the boulder beetle but does no damage.
The boulder beetle is severely wounded.
The foxfire hits the boulder beetle but does no damage.
The boulder beetle is severely wounded.
The boulder beetle hits you!!
You die...

#.)#......
#......~~
#..#B.....
#[....#~~
.#####..#####..
#.......~
.....#.)#......
######..#
....s#..#.....
##..
###..#..#.°#####
###
.....#..#..○.§.# #
.....#..#...B.§#
.#####..#####@.#
...YY#..#...v§.#
.....#..#......#
#####..#..#..#####
#..FS..#..#†.....#
#......#..#......#
#..#####..#####..#
#.†..†.).)†.)....#
#................#


You could see a boulder beetle (rolling, ally target).

Vanquished Creatures
  A two-headed ogre (D:5)
  Pikel (D:4)
  A troll (D:6)
  Sigmund (D:4)
  3 ice beasts
  An orc warrior (D:6)
  A sky beast (D:6)
  A crocodile (Sewer)
  An ogre (D:6)
  3 centaurs (D:6)
  4 lemures (D:4)
  A phantom (D:6)
  Blork the orc (D:4)
  3 kobold brigands
  2 bullfrogs (D:6)
  3 scorpions
  A wight (D:6)
  4 bombardier beetles
  A jelly (D:5)
  A hound (D:4)
  2 orc priests (D:6)
  Ijyb (D:4)
  4 iguanas
  Natasha (thrice) (D:3)
  3 orc wizards
  3 sleepcaps
  Robin (D:4)
  10 adders
  3 river rats (Sewer)
  3 white imps
  4 ufetubi (D:6)
  5 ribbon worms
  2 dart slugs
  19 orcs
  9 ball pythons
  3 bats
  6 endoplasms
  3 giant cockroaches
  15 goblins
  9 hobgoblins
  8 jackals
  2 quokkas
  2 frilled lizards
  12 kobolds
  4 rats (Sewer)
171 creatures vanquished.

Vanquished Creatures (collateral kills)
  An iguana (D:4)
1 creature vanquished.

Vanquished Creatures (others)
  35 foxfires
35 creatures vanquished.

Grand Total: 207 creatures vanquished

Notes
Turn   | Place    | Note
-------+----------+-------------------------------------------
     0 | D:1      | shadizar the Djinni Conjurer began the quest for the Orb.
     0 | D:1      | shadizar set off with the following spells memorised: Magic
                  | Dart, Searing Ray, Fulminant Prism, Iskenderun's Mystic
                  | Blast.
     0 | D:1      | Reached XP level 1. HP: 15/15 MP: 0/0
     8 | D:1      | Reached XP level 2. HP: 15/21 MP: 0/0
   727 | D:2      | Reached XP level 3. HP: 24/25 MP: 0/0
   727 | D:2      | Learned a level 1 spell: Foxfire
  1240 | D:3      | Noticed Natasha
  1249 | D:3      | Killed Natasha
  1250 | D:3      | Reached XP level 4. HP: 18/31 MP: 0/0
  1328 | D:3      | Identified the +2 leather armour "Ozuf" {Harm Int+2 Dex-4
                  | Slay+3}
  1343 | D:3      | Noticed an ice beast
  1350 | D:3      | Killed an ice beast
  1351 | D:3      | Reached skill level 5 in Spellcasting
  1351 | D:3      | Reached skill level 5 in Conjurations
  1351 | D:3      | Reached skill level 5 in Hexes
  1351 | D:3      | Reached skill level 5 in Summonings
  1351 | D:3      | Reached skill level 5 in Necromancy
  1351 | D:3      | Reached skill level 5 in Translocations
  1351 | D:3      | Reached skill level 5 in Fire Magic
  1351 | D:3      | Reached skill level 5 in Ice Magic
  1351 | D:3      | Reached skill level 5 in Air Magic
  1351 | D:3      | Reached skill level 5 in Earth Magic
  1351 | D:3      | Reached skill level 5 in Alchemy
  1351 | D:3      | Reached XP level 5. HP: 29/35 MP: 0/0
  1351 | D:3      | Learned a level 2 spell: Call Imp
  1519 | D:3      | Reached XP level 6. HP: 35/40 MP: 0/0
  1580 | D:3      | Noticed Natasha
  1583 | D:3      | Killed Natasha
  1621 | D:3      | Found an iron altar of Okawaru.
  1669 | D:3      | Found a shadowy altar of Dithmenos.
  1688 | D:3      | Noticed Natasha
  1691 | D:3      | Killed Natasha
  1744 | D:3      | Found a bloodstained altar of Trog.
  2153 | D:3      | Found a faded altar of an unknown god.
  2268 | D:4      | Noticed Blork the orc
  2276 | D:4      | Killed Blork the orc
  2277 | D:4      | Reached XP level 7. HP: 25/45 MP: 0/0
  2277 | D:4      | Learned a level 3 spell: Summon Ice Beast
  2369 | D:4      | Noticed Sigmund
  2374 | D:4      | Killed Sigmund
  2512 | D:4      | Noticed Robin
  2527 | D:4      | Killed Robin
  2720 | D:4      | Noticed Ijyb
  2729 | D:4      | Killed Ijyb
  2824 | D:4      | Noticed Pikel
  2845 | D:4      | Killed Pikel
  2846 | D:4      | Reached XP level 8. HP: 18/50 MP: 0/0
  3053 | D:4      | Noticed Grinder
  3134 | D:4      | Found a staircase to the Ecumenical Temple.
  3632 | Temple   | Entered the Ecumenical Temple
  3659 | Temple   | Became a worshipper of Makhleb the Destroyer
  3771 | D:5      | Entered Level 5 of the Dungeon
  3779 | D:5      | Reached skill level 1 in Fighting
  4152 | D:5      | Noticed a two-headed ogre
  4159 | D:5      | Killed a two-headed ogre
  4160 | D:5      | Reached XP level 9. HP: 51/66 MP: 0/0
  4160 | D:5      | Learned a level 4 spell: Summon Lightning Spire
  4547 | D:5      | Found Ydog's Assorted Antiques.
  4742 | D:6      | Found a glowing drain.
  4768 | Sewer    | Entered a sewer
  4921 | Sewer    | Reached * piety under Makhleb
  5239 | Sewer    | Reached skill level 5 in Dodging
  5402 | D:6      | Reached XP level 10. HP: 64/75 MP: 0/0
  5887 | D:6      | Noticed a boulder beetle
  5926 | D:6      | Reached skill level 1 in Armour
  5931 | D:6      | Reached ** piety under Makhleb
  6125 | D:6      | Slain by a boulder beetle

Illustrated notes

Levels and vault maps discovered:
D:1:      dpeg_arrival_central, layout_basic, item_on_display_a
D:2:      layout_loops_ring
D:3:      layout_basic, grunt_temple_overflow_open,
          hellmonk_overflow_destroyed_library,
          hellmonk_ecumenical_altar_prayer_group, feat_on_display, uniq_natasha
D:4:      layout_cave_pods, temple_green, uniq_pikel, uniq_blork_the_orc,
          uniq_robin, uniq_sigmund, uniq_grinder, uniq_ijyb
D:5:      layout_rooms, serial_shops, nicolae_shop_back_alley_shop
D:6:      kennysheep_windowed_halls, layout_basic, cheibrodos_sewer_entry_drain
Temple:   zaba_magenta_temple

Skill      XL: |  1  2  3  4  5  6  7  8  9 10 |
---------------+-------------------------------+-----
Spellcasting   | 4 5 6 8 |  8.9
Conjurations   | 4 5 6 8 |  8.9
Hexes          | 4 5 6 8 |  8.9
Summonings     | 4 5 6 8 |  8.9
Necromancy     | 4 5 6 8 |  8.9
Translocations | 4 5 6 8 |  8.9
Fire Magic     | 4 5 6 8 |  8.9
Ice Magic      | 4 5 6 8 |  8.9
Air Magic      | 4 5 6 8 |  8.9
Earth Magic    | 4 5 6 8 |  8.9
Alchemy        | 4 5 6 8 |  8.9
Fighting       | 6 7 |  7.6
Dodging        | 5 7 |  7.0
Armour         | 2 |  2.0
Stealth        | |  1.5

Action                     |  1- 3 |  4- 6 |  7- 9 | 10-12 || total
---------------------------+-------+-------+-------+-------++-------
   Cast: Magic Dart        |    59 |    65 |   232 |    35 ||   391
         Foxfire           |       |    11 |     5 |     4 ||    20
         Iskenderun's Myst |       |     4 |    39 |    29 ||    72
         Call Imp          |       |       |     2 |       ||     2
         Summon Ice Beast  |       |       |     1 |     1 ||     2
    Use: Scroll            |       |     6 |     2 |       ||     8
         Potion            |       |       |     2 |       ||     2
 Armour: Robe              |     5 |     6 |     4 |       ||    15
         Animal skin       |       |       |    25 |    12 ||    37
  Dodge: Dodged            |     5 |     7 |    22 |     4 ||    38
         Repelled          |     1 |       |     2 |       ||     3

Table legend: (Time is in decaauts)
 A = Elapsed time spent in this place.
 B = Non-inter-level travel time spent in this place.
 C = Inter-level travel time spent in this place.
 D = Time resting spent in this place.
 E = Time spent auto-exploring this place.
 F = Levels seen in this place.
 G = Mean time per level.
                   A        B        C        D        E       F      G
               +--------+--------+--------+--------+--------+-----+--------+
         Total |   6122 |   6030 |     92 |      0 |   5012 |   8 |  765.2 |
       Dungeon |   5501 |   5409 |     92 |      0 |   4548 |   6 |  916.8 |
        Temple |     42 |     42 |      0 |      0 |      0 |   1 |   42.0 |
         Sewer |    577 |    577 |      0 |      0 |    464 |   1 |  577.0 |
               +--------+--------+--------+--------+--------+-----+--------+

Top non-repeatable levels by time:
     D:4: 1460 daAuts
     D:3: 1060 daAuts
     D:6: 936 daAuts
     D:5: 838 daAuts
     D:1: 608 daAuts
     D:2: 597 daAuts
   Sewer: 577 daAuts
  Temple: 42 daAuts
